 Dungeon Crawl Stone Soup version 0.14.2 (webtiles) character file.

2356 Maximusorealius the Shield-Bearer (level 9, -4/82 HPs)
             Began as a Deep Dwarf Fighter on Sept 25, 2015.
             Was a Believer of Nemelex Xobeh.
             Killed by divine providence
             ... invoked by an orc priest
              (12 damage)
             ... on Level 7 of the Dungeon on Oct 5, 2015.
             The game lasted 00:55:09 (5072 turns).

Maximusorealius the Shield-Bearer (DDFi)            Turns: 5072, Time: 00:55:09

HP  -4/82        AC  9     Str 24      XL: 9   Next:  6%
MP  18/18        EV  9     Int  1 (8)  God: Nemelex Xobeh [**....]
Gold 279         SH  0     Dex 12      Spells:  1 memorised, 11 levels left

rFire  . . .     SeeInvis .     a - +1,+0 war axe
rCold  . . .     Clarity  .     b - +2 scale mail
rNeg   . . .     Conserve .     c - +1 shield
rPois  .         rCorr    .     (no helmet)
rElec  .         rRot     .     (no cloak)
SustAb . .       Spirit   .     (no gloves)
rMut   .         Warding  .     (no boots)
Saprov . . .     Stasis   .     (no amulet)
MR     +....                    (no ring)
                                (no ring)

@: non-regenerating, confused, somewhat resistant to hostile enchantments,
extremely unstealthy
A: damage resistance, recharge devices, sense surroundings 2, slow healing 3
a: Device Recharging, Draw One, Peek at Two, Renounce Religion


You were on level 7 of the Dungeon.
You worshipped Nemelex Xobeh.
Nemelex Xobeh was pleased with you.
You were not hungry.

You visited 1 branch of the dungeon, and saw 7 of its levels.

You collected 279 gold pieces.

Inventory:

Hand weapons
 a - a +1,+0 war axe (weapon)
Armour
 b - a +2 scale mail (worn)
 c - a +1 shield (worn)
Magical devices
 d - a wand of heal wounds (0)
Comestibles
 p - a sausage
 s - a banana
Scrolls
 j - 4 scrolls of teleportation
 k - a scroll of remove curse
Potions
 n - a potion of might
Books
 r - a book of Burglary

   Spells                             Type                      Level
   Apportation                        Translocation                1
   Swiftness                          Charms/Air                   2
   Passwall                           Transmutation/Earth          3
   *Passage of Golubria               Translocation                4
   Lee's Rapid Deconstruction         Earth                        5
   Darkness                           Hexes                        7
Miscellaneous
 e - a plain deck of escape {drawn: 1}


   Skills:
 + Level 5.7 Fighting
 + Level 6.9 Axes
 + Level 3.7 Throwing
 + Level 7.0 Armour
 + Level 7.2 Dodging
 + Level 5.7 Stealth
 + Level 7.7 Shields
 + Level 3.8 Unarmed Combat
 + Level 3.5 Spellcasting
 + Level 4.6 Translocations
 + Level 6.4 Evocations


You had 11 spell levels left.
You knew the following spells:

 Your Spells              Type           Power        Failure   Level  Hunger
a - Passage of Golubria   Tloc           N/A          100%        4    #####..


Dungeon Overview and Level Annotations

Branches:
Dungeon (7/15)             Temple (0/1) D:4

Altars:
Nemelex Xobeh
Sif Muna


Innate Abilities, Weirdness & Mutations

You are resistant to damage.
You can recharge devices by infusing magical energy.
You passively map the area around you.
You do not heal naturally.


Message History

A worker ant comes into view.
The worker ant bites you but does no damage.
Your giant spore explodes!
Your jackal appears confused.
The explosion of spores engulfs your jackal.
Your jackal dies!
Your jackal's corpse dissolves into shadows!
The explosion of spores engulfs you!
You are confused.
* * * LOW HITPOINT WARNING * * *
The worker ant appears confused.
The explosion of spores engulfs the worker ant.
You hear a shout! x4
Ouch! 3 orcs, an orc priest and an orc wizard come into view.
The orc shouts!
The orc wizard shouts!
The orc shouts!
The orc priest shouts!
The orc priest calls down the wrath of Beogh upon you.
Something smites you!
You die...
Your body disappears without a glow.

* * o , *, , * *
o# , , , * ### *
.# * ,* * ,* ...
, ,, o# , , ,*
### .# * , , ##
o# *, , .# *o#
,* , U# ###.# *
, )# ##.@.# * *,
.# ######.###.#
*, ,* * .#
#....a.# #
.########.####.#
*, .....(U...#
##..,* ,, ,
########### *
#... ,,, , * ,,
,, ..... > *, **
* ,###, , * , ,
*


You could see a worker ant (confused), an orc priest, an orc wizard and 3 orcs.

Vanquished Creatures
  2 ogres (D:4)
  A centaur (D:6)
  3 crimson imps
  A hound (D:4)
  4 orc wizards
  A centaur zombie (D:7)
  3 worker ants
  Ijyb (D:2)
  Jessica (D:2)
  8 gnolls (D:6)
  10 adders
  A giant mite (D:1)
  3 worms
  A giant eyeball (D:4)
  2 oozes
  14 orcs
  3 ball pythons
  12 bats
  2 bat skeletons (D:4)
  8 giant cockroaches
  11 goblins
  12 hobgoblins
  14 kobolds
  3 giant geckos (D:2)
  2 giant newts (D:1)
  A goblin skeleton (D:5)
  10 jackals
  An orc skeleton (D:4)
  A quokka skeleton (D:5)
  9 rats
145 creatures vanquished.

Vanquished Creatures (collateral kills)
  The ghost of Maximusorealius the Poker, an average MiFi (D:4)
  Blork the orc (D:5)
  An insubstantial wisp (D:5)
  A scorpion (D:4)
  An adder (D:4)
  A jackal (D:7)
  A giant spore (D:7)
  A jackal zombie (D:5)
8 creatures vanquished.

Vanquished Creatures (others)
  An insubstantial wisp (D:5)
  An iron imp (D:6)
  A giant spore (D:6)
3 creatures vanquished.

Grand Total: 156 creatures vanquished

Notes
Turn   | Place    | Note
--------------------------------------------------------------
     0 | D:1      | Maximusorealius, the Deep Dwarf Fighter, began the quest for the Orb.
     0 | D:1      | Reached XP level 1. HP: 20/20 MP: 1/1
   153 | D:1      | Reached XP level 2. HP: 26/28 MP: 2/2
   716 | D:2      | Reached XP level 3. HP: 34/34 MP: 3/3
   721 | D:2      | Noticed Ijyb
   764 | D:2      | Killed Ijyb
   838 | D:2      | Reached skill level 1 in Dodging
  1053 | D:2      | Reached XP level 4. HP: 42/42 MP: 4/4
  1099 | D:2      | Found a deep blue altar of Sif Muna.
  1104 | D:2      | Noticed Jessica
  1112 | D:2      | Killed Jessica
  1221 | D:2      | Reached skill level 4 in Shields
  1626 | D:3      | Found a sparkling altar of Nemelex Xobeh.
  1634 | D:3      | Became a worshipper of Nemelex Xobeh the Trickster
  1690 | D:3      | Reached XP level 5. HP: 46/49 MP: 5/5
  1943 | D:3      | Received a gift from Nemelex Xobeh
  2326 | D:4      | Noticed an ogre
  2351 | D:4      | Killed an ogre
  2351 | D:4      | Reached XP level 6. HP: 6/56 MP: 6/6
  2409 | D:4      | Noticed an ogre
  2418 | D:4      | Killed an ogre
  2574 | D:4      | Reached skill level 5 in Shields
  3041 | D:4      | Found a staircase to the Ecumenical Temple.
  3107 | D:4      | Acquired Nemelex Xobeh's first power
  3158 | D:4      | Noticed Maximusorealius' ghost (average MiFi)
  3183 | D:4      | Killed Maximusorealius' ghost
  3183 | D:4      | Reached skill level 1 in Evocations
  3183 | D:4      | Reached XP level 7. HP: 12/63 MP: 6/8
  3315 | D:4      | Paralysed by a giant eyeball for 2 turns
  3365 | D:5      | Entered Level 5 of the Dungeon
  3844 | D:5      | Received a gift from Nemelex Xobeh
  3874 | D:5      | Noticed Blork the orc
  3893 | D:5      | Killed Blork the orc
  4046 | D:6      | Learned a level 4 spell: Passage of Golubria
  4174 | D:6      | Reached skill level 5 in Dodging
  4174 | D:6      | Reached skill level 1 in Stealth
  4257 | D:6      | Acquired Nemelex Xobeh's second power
  4358 | D:6      | Reached skill level 5 in Armour
  4358 | D:6      | Reached XP level 8. HP: 37/72 MP: 10/10
  4395 | D:6      | Reached skill level 5 in Fighting
  4395 | D:6      | Reached skill level 6 in Axes
  4395 | D:6      | Reached skill level 7 in Armour
  4395 | D:6      | Reached skill level 5 in Stealth
  4395 | D:6      | Gained mutation: You passively map the area around you. [level up]
  4395 | D:6      | Reached XP level 9. HP: 39/82 MP: 10/18
  4395 | D:6      | Received a gift from Nemelex Xobeh
  5072 | D:7      | Killed from afar by an orc priest

Action                   |  1- 3 |  4- 6 |  7- 9 || total
-------------------------+-------+-------+-------++-------
Melee: War axe           |   112 |   270 |   125 ||   507
Evoke: Wand              |     1 |     4 |       ||     5
       Deck              |       |     4 |    10 ||    14
  Use: Scroll            |     4 |     9 |     4 ||    17
       Potion            |     2 |     4 |     9 ||    15
